 Dungeon Crawl Stone Soup version 0.27.1-1-g398f81649c (webtiles) character file.

Game seed: 12945001843781647358

515 Rickety the Covert (level 7, 0/32 HPs)
             Began as a Spriggan Enchanter on Sept 15, 2021.
             Succumbed to a water moccasin's poison
             ... in a sewer.
             The game lasted 00:15:44 (6519 turns).

Rickety the Covert (Spriggan Enchanter)             Turns: 6519, Time: 00:15:45

Health: 0/32       AC:  3    Str:  8 (10) XL:     7   Next: 0%
Magic:  8/14       EV: 21    Int: 16 (17) God:
Gold:   118        SH:  0    Dex: 14 (17) Spells: 2/14 levels left

rFire    . . .     SeeInvis +   a - +1 dagger
rCold    . . .     Faith    .   (shield restricted)
rNeg     . . .     Spirit   .   b - +0 robe
rPois    .         Reflect  .   (helmet restricted)
rElec    .         Harm     .   p - +0 cloak
rCorr    .         Rampage  .   (gloves unavailable)
Will     +....                  (boots unavailable)
Stlth    ++++......             (no amulet)
HPRegen  0.10/turn              k - +6 ring of strength
MPRegen  0.14/turn              m - +4 ring of evasion

@: mighty, lethally poisoned (0 -> -5), very quick
A: very small, no large weapons, unfitting armour, see invisible, speed 3
a: no special abilities


You were in a sewer.
You visited 2 branches of the dungeon, and saw 6 of its levels.
You also visited: Sewer.

You collected 118 gold pieces.

Inventory:

Hand Weapons
 a - a +1 dagger (weapon)
Missiles
 f - 29 poisoned darts
 x - a throwing net
Armour
 b - a +0 robe (worn)
 p - a +0 cloak (worn)
Jewellery
 k - a +6 ring of strength (left hand)
 m - a +4 ring of evasion (right hand)
Scrolls
 c - 2 scrolls of noise {unknown}
 d - 2 scrolls of teleportation {unknown}
 h - a scroll of holy word {unknown}
 i - 3 scrolls of amnesia {unknown}
 o - 3 scrolls of fear {unknown}
 q - 2 scrolls of blinking {unknown}
 r - a scroll of magic mapping {unknown}
 s - a scroll of identify {unknown}
 t - a scroll of vulnerability {unknown}
 w - a scroll of fog {unknown}
Potions
 e - a potion of haste {unknown}
 g - 3 potions of curing {unknown}
 j - a potion of invisibility {unknown}
 l - a potion of degeneration
 n - a potion of might
 u - a potion of attraction {unknown}
 v - a potion of ambrosia {unknown}
 z - 2 potions of mutation {unknown}


   Skills:
 + Level 0.7 Fighting
 + Level 2.6 Short Blades
 + Level 3.4 Dodging
 * Level 8.6 Stealth
 + Level 4.2 Spellcasting
 + Level 5.0 Hexes
 + Level 1.5 Ice Magic


You had 2 spell levels left.
You knew the following spells:

 Your Spells              Type           Power      Damage    Failure   Level
a - Corona                Hex            21%        N/A       1%          1
b - Ensorcelled Hibernat  Hex/Ice        26%        N/A       6%          2
c - Confusing Touch       Hex            19%        N/A       6%          3
d - Dazzling Flash        Conj/Hex       22%        N/A       17%         3
t - Tukima's Dance        Hex            19%        N/A       6%          3

Your spell library contained the following spells:

 Spells                   Type           Power      Damage    Failure   Level


Dungeon Overview and Level Annotations

Branches:
Dungeon (5/15)             Temple (1/1) D:4           Sewer (1/1)

Altars:
Fedhas
Gozag
Kikubaaqudgha
Makhleb
Qazlal
Ru
Sif Muna
Trog
Uskayaw
Vehumet
Wu Jian
Yredelemnul
Zin


Innate Abilities, Weirdness & Mutations

You are very small and have problems with some larger weapons.
You are too small for most types of armour.
You have supernaturally acute eyesight. (SInv)
You cover ground extremely quickly. (Speed+++)


Message History

Casting: Ensorcelled Hibernation (safe; 6% risk of failure)
Confirm with . or Enter, or press ? or * to list all spells.
Aiming: Ensorcelled Hibernation (safe; 6% risk of failure)
Press: ? - help, Shift-Dir - straight line, f/p - water moccasin
Aim: a water moccasin (chance to affect: 45%)
The water moccasin resists with some effort.
The water moccasin bites you.
You are poisoned.
The water moccasin poisons you!
Casting: Ensorcelled Hibernation (safe; 6% risk of failure)
Confirm with . or Enter, or press ? or * to list all spells.
Aiming: Ensorcelled Hibernation (safe; 6% risk of failure)
Press: ? - help, Shift-Dir - straight line, f/p - water moccasin
Aim: a water moccasin (chance to affect: 45%)
The water moccasin resists with some effort.
You feel very sick. The water moccasin bites you.
Unknown command.
* * * LOW HITPOINT WARNING * * *
You feel sick.
You enter the shallow water.
Moving in this stuff is going to be slow.
* * * LOW HITPOINT WARNING * * *
You feel sick.
The water moccasin completely misses you.
* * * LOW HITPOINT WARNING * * *
You feel sick.
Casting: Ensorcelled Hibernation (safe; 6% risk of failure)
Confirm with . or Enter, or press ? or * to list all spells.
Okay, then.
It was a potion of degeneration.
There was something very wrong with that liquid.
You feel weakened.
You feel dopey.
You feel clumsy.
* * * LOW HITPOINT WARNING * * *
You feel sick. The water moccasin bites you.
* * * LOW HITPOINT WARNING * * *
The water moccasin closely misses you.
It was a potion of might.
You feel very mighty all of a sudden.
You die...

### #≈# ######≈#
######## #...##≈##
###......###
#.∩.#.≈.#
###.≈.≈......###
#.∩..†≈.#
###.≈≈≈≈####....≈##.
#...))≈.###..@S≈###
###.≈..≈#
#####)≈≈.......##
##≈≈≈..
#.....≈.###.≈..≈#
#.≈≈≈≈# #.....≈.#
###...≈.# .≈...##.
#...#.≈.# ###...≈≈
....### ) #...##≈##
##....≈.## ##.###≈#
###### #..##≈#
#..##≈#


You could see a water moccasin.

Vanquished Creatures
  2 ogres (D:4)
  A kobold brigand (D:4)
  A centaur skeleton (D:3)
  An orc priest (D:3)
  3 gnolls
  9 adders
  An ufetubus (D:4)
  2 adder skeletons (D:4)
  A worm (D:5)
  2 dart slugs (D:3)
  9 orcs
  3 ball pythons
  7 bats
  7 endoplasms
  7 giant cockroaches
  2 goblins (D:2)
  3 hobgoblins
  9 jackals
  2 quokkas
  4 frilled lizards
  8 kobolds
  6 rats
90 creatures vanquished.

Vanquished Creatures (collateral kills)
  A gnoll (D:4)
  2 kobolds (Sewer)
3 creatures vanquished.

Vanquished Creatures (others)
  5 plants (D:4)
5 creatures vanquished.

Grand Total: 98 creatures vanquished

Notes
Turn   | Place    | Note
-------+----------+-------------------------------------------
     0 | D:1      | Rickety the Spriggan Enchanter began the quest for the Orb.
     0 | D:1      | Reached XP level 1. HP: 9/9 MP: 5/5
   588 | D:1      | Reached XP level 2. HP: 12/13 MP: 3/6
   591 | D:1      | Learned a level 2 spell: Ensorcelled Hibernation
   633 | D:1      | Found a faded altar of an unknown god.
  1327 | D:1      | Reached skill level 5 in Stealth
  1873 | D:2      | Found an opulent altar of Gozag.
  2163 | D:2      | Reached XP level 3. HP: 16/16 MP: 8/8
  2167 | D:2      | Learned a level 3 spell: Confusing Touch
  2658 | D:2      | Reached skill level 6 in Stealth
  3162 | D:3      | Reached XP level 4. HP: 16/21 MP: 2/9
  3560 | D:3      | Reached XP level 5. HP: 24/24 MP: 10/10
  4240 | D:3      | Reached skill level 7 in Stealth
  4573 | D:4      | Reached skill level 1 in Ice Magic
  4604 | D:4      | Noticed an ogre
  4608 | D:4      | Killed an ogre
  4609 | D:4      | Reached XP level 6. HP: 27/29 MP: 7/12
  4613 | D:4      | Learned a level 3 spell: Dazzling Flash
  4617 | D:4      | Learned a level 3 spell: Tukima's Dance
  4888 | D:4      | Reached skill level 8 in Stealth
  5332 | D:4      | Found a staircase to the Ecumenical Temple.
  5350 | Temple   | Entered the Ecumenical Temple
  5963 | D:4      | Reached skill level 5 in Hexes
  6225 | D:4      | Found a burning altar of Makhleb.
  6339 | D:5      | Entered Level 5 of the Dungeon
  6339 | D:5      | Found a glowing drain.
  6364 | Sewer    | Entered a sewer
  6383 | Sewer    | Reached XP level 7. HP: 26/32 MP: 7/14
  6518 | Sewer    | HP: 1/32 [water moccasin (3)]
  6519 | Sewer    | Succumbed to a water moccasin's poison

Illustrated notes

Levels and vault maps discovered:
D:1:      minmay_arrival_five_plusses, layout_loops_corners,
          chequers_ecumenical_altar_lobes, minmay_misc_feat_tiny,
          minmay_worlds_worst_comb
D:2:      layout_basic, basic_altar
D:3:      layout_basic
D:4:      layout_loops_ring, bloody_makhleb,
          minmay_temple_entry_statues_pillars, minmay_strange_pillars,
          lexackson_kobold_supper
D:5:      layout_cave_pods, amcnicky_altar_gilded, kennysheep_mini_moat,
          portal_sewer_entry_a
Temple:   minmay_temple_curvy_loop
Sewer:    sewer_the_moccasin

Skill      XL: |  1  2  3  4  5  6 |
---------------+-------------------+-----
Hexes          | 4 5 |  5.0
Dodging        | 3 |  3.4
Stealth        | 5 6 7 8 |  8.6
Spellcasting   | 3 4 |  4.2
Short Blades   | 2 |  2.6
Ice Magic      | 1 |  1.5
Fighting       | |  0.7

Action                   |  1- 3 |  4- 6 |  7- 9 || total
-------------------------+-------+-------+-------++-------
Melee: Dagger            |    91 |   156 |     4 ||   251
 Cast: Corona            |    10 |     1 |       ||    11
       Ensorcelled Hiber |    33 |    52 |     4 ||    89
       Confusing Touch   |       |     8 |       ||     8
       Tukima's Dance    |       |     4 |     1 ||     5
  Use: Potion            |       |       |     2 ||     2
 Stab: Sleeping          |    27 |    31 |       ||    58
       Confused          |       |     6 |       ||     6
Armor: Robe              |    16 |     4 |       ||    20
Dodge: Dodged            |    67 |   145 |    11 ||   223
